 Dungeon Crawl Stone Soup version 0.30.1-4-g462c640d31 (webtiles) character file.

Game seed: 7067618772968726971

221 hilljack the Shooter (level 5, -1/29 HPs)
             Began as a Deep Elf Hunter on Aug 17, 2023.
             Killed by divine providence
             ... invoked by an orc priest
              (12 damage)
             ... on level 3 of the Dungeon.
             The game lasted 00:02:37 (1138 turns).

hilljack the Shooter (Deep Elf Hunter)              Turns: 1138, Time: 00:02:37

Health: -1/29      AC:  3    Str:  8    XL:     5   Next: 65%
Magic:  7/7        EV: 15    Int: 14    God:
Gold:   135        SH:  0    Dex: 20    Spells: 4/4 levels left

rFire   . . .        a - +0 shortbow
rCold   + . .        (shield currently unavailable)
rNeg    . . .        m - +1 robe "Appis" {Harm +Blink rC+ Will+}
rPois   .            (no helmet)
rElec   .            (no cloak)
rCorr   .            (no gloves)
SInv    .            (no boots)
Will    +....        (no amulet)
Stlth   ++           (no ring)
HPRegen 0.24/turn    (no ring)
MPRegen 0.10/turn

%: harm (+30% outgoing, +20% incoming)
@: no status effects
A: no striking features
a: Evoke Blink


You were on level 3 of the Dungeon.
You visited 1 branch of the dungeon, and saw 3 of its levels.

You collected 135 gold pieces.

Inventory:

Hand Weapons
 a - a +0 shortbow (weapon)
 b - a +1 dagger of venom
Armour
 c - a +0 leather armour
 m - the +1 robe "Appis" (worn) {Harm +Blink rC+ Will+}
   (You found it on level 2 of the Dungeon)

   rC:        It protects you from cold.
   +Blink:    It lets you blink.
   Harm:      It increases damage dealt and taken.
   Will:      It increases your willpower.
Scrolls
 d - a scroll of brand weapon {unknown}
 h - a scroll of vulnerability {unknown}
 i - a scroll of immolation
 j - 2 scrolls of fog {unknown}
 k - 2 scrolls of identify {unknown}
 l - 3 scrolls of noise {unknown}
 n - a scroll of teleportation {unknown}
 p - a scroll of enchant armour {unknown}
Potions
 e - 3 potions of curing {unknown}
 f - 2 potions of resistance {unknown}
 g - 4 potions of mutation {unknown}
 o - a potion of might {unknown}


   Skills:
 - Level 1.5 Fighting
 + Level 7.5 Ranged Weapons
 + Level 5.3 Dodging
 - Level 1.2 Stealth


You had 4 spell levels left.
You didn't know any spells.
Your spell library contained the following spells:

 Spells                   Type           Power      Damage    Failure   Level
 Cigotuvi's Dreadful Rot  Necr/Pois/Air  0%         N/A       41%         2
 Ignite Poison            Fire/Tmut/Pois 0%         N/A       65%         3
 Blade Hands              Tmut           0%         N/A       100%        5
 Freezing Cloud           Conj/Ice/Air   0%         6-21      100%        5
 Irradiate                Conj/Tmut      0%         3d11      100%        5
 Dragon Form              Tmut           0%         N/A       100%        7


Dungeon Overview and Level Annotations

Branches:
Dungeon (3/15)

Altars:


Message History

You shoot an arrow. The arrow hits the black bear!
The black bear growls angrily.
The black bear is heavily wounded.
You hear a shout! x5
An orc priest comes into view. It is wielding a +0 dagger.
You shoot an arrow. The orc priest shouts!
The arrow hits the black bear!
The black bear is severely wounded.
You hear an angry hiss.
You hear a shout! x4
You shoot an arrow. The arrow hits the black bear!
You kill the black bear!
You hear a shout! x3
A ball python comes into view.
The ball python moves out of view.
You hear a shout!
Your Ranged Weapons skill increases to level 7!
Your Dodging skill increases to level 5!
You have reached level 5!
You shoot an arrow. The arrow hits the orc priest!
The orc priest is severely wounded.
A kobold comes into view. It is wielding a +0 dagger.
You shoot an arrow. The arrow hits the orc priest.
The orc priest is severely wounded.
The orc priest mumbles some strange prayers to Beogh against you.
Beogh smites you!
Ouch! That really hurt!
Unknown command.
You are too injured to fight recklessly!
You are too injured to fight recklessly!
Fire: a) +0 shortbow
Press: ? - help, Q - select action, (/) - cycle Shift-Dir - straight line, f/p - orc priest
Aim: an orc priest, wielding a +0 dagger (severely wounded, 65% to hit)
You shoot an arrow.
The arrow closely misses the orc priest.
An orc priest comes into view. It is wielding a +0 trident.
Something bites the bush but does no damage.
The orc priest calls down the wrath of Beogh upon you.
Beogh smites you!
You die...

#. #.# ###
####.#########..
#........##....#
####.....##.#......
.o####........#......###
.K................##
PPPPPoP.......###...).##
......P@................
P...P.P.................
P P.P.................
P.P...####..........
.....P....###.....†....
PPPP.P.................
.......###............
##.#.#.# #...........
#....#.### #..)†...<..


You could see 2 orc priests and a kobold.

Vanquished Creatures
  A black bear (D:3)
  A hound zombie (D:3)
  5 adders
  A worm (D:2)
  5 dart slugs
  3 ball pythons
  5 endoplasms
  A giant cockroach (D:1)
  6 goblins
  7 hobgoblins
  5 quokkas
  A bat (D:1)
  4 frilled lizards
  3 kobolds
  4 rats
52 creatures vanquished.

Notes
Turn   | Place    | Note
-------+----------+-------------------------------------------
     0 | D:1      | hilljack the Deep Elf Hunter began the quest for the Orb.
     0 | D:1      | Reached XP level 1. HP: 12/12 MP: 3/3
    47 | D:1      | Reached XP level 2. HP: 16/16 MP: 4/4
   173 | D:1      | You fall into a shaft and drop 1 floor!
   187 | D:2      | Reached skill level 6 in Ranged Weapons
   251 | D:2      | Reached XP level 3. HP: 20/20 MP: 5/5
   276 | D:2      | Identified the +1 robe "Appis" {Harm +Blink rC+ Will+}
   986 | D:3      | Reached XP level 4. HP: 25/25 MP: 6/6
  1132 | D:3      | Noticed a black bear
  1135 | D:3      | Killed a black bear
  1136 | D:3      | Reached skill level 7 in Ranged Weapons
  1136 | D:3      | Reached skill level 5 in Dodging
  1136 | D:3      | Reached XP level 5. HP: 29/29 MP: 7/7
  1138 | D:3      | Killed from afar by an orc priest

Illustrated notes

Levels and vault maps discovered:
D:1:      spicycebolla_arrival_clurvy, layout_rooms,
          hangedman_decor_diamond_cutter
D:2:      layout_rooms, item_on_display_a
D:3:      layout_rooms, nicolae_yredelemnul_corpse_copse,
          mainiacjoe_overflow_cross_hatched, trog_wizard, uniq_robin

Skill      XL: |  1  2  3  4 |
---------------+-------------+-----
Dodging        | 3 4 5 |  5.3
Ranged Weapons | 6 7 |  7.5
Fighting       | |  1.5
Stealth        | |  1.2

Action                     |  1- 3 |  4- 6 || total
---------------------------+-------+-------++-------
   Fire: Shortbow          |    96 |    35 ||   131
 Armour: Leather armour    |     1 |       ||     1
         Robe              |     7 |     1 ||     8
  Dodge: Dodged            |    19 |     2 ||    21
